 Dungeon Crawl Stone Soup version 0.19.1 (webtiles) character file.

30 M4edhros the Grave Robber (level 3, 0/21 HPs)
             Began as an Octopode Necromancer on Dec 23, 2016.
             Succumbed to an adder's poison
             ... on level 2 of the Dungeon.
             The game lasted 00:04:20 (584 turns).

M4edhros the Grave Robber (Octopode Necromancer)     Turns: 584, Time: 00:04:21

Health: 0/21       AC:  1    Str:  9 (12) XL:     3   Next: 20%
Magic:  3/6        EV: 13    Int: 15 (17) God:
Gold:   18         SH:  0    Dex: 10 (13) Spells: 2 memorised, 4 levels left

rFire  + . .     SeeInvis .       - Unarmed
rCold  x . .     Gourm    .     (no shield)
rNeg   . . .     Faith    .     (helmet restricted)
rPois  .         Spirit   .     (no amulet)
rElec  .         Reflect  .     f - ring of fire
rCorr  .         Harm     .     (no ring)
MR     .....                    (no ring)
Stlth  +++.......               (no ring)
                                (no ring)
                                (no ring)
                                (no ring)
                                (no ring)

@: mighty, lethally poisoned (0 -> -2), very slightly contaminated
A: almost no armour, stealthy swim, amphibious, 8 rings, constrict 8, camouflage
1, gelatinous body 1
a: no special abilities


You were on level 2 of the Dungeon.
You were not hungry.

You visited 1 branch of the dungeon, and saw 2 of its levels.

You collected 18 gold pieces.

Inventory:

Hand Weapons
 j - a +0 blowgun
Missiles
 c - 5 stones (quivered)
Armour
 h - a +0 shield
Jewellery
 f - a ring of fire (left tentacle)
Scrolls
 e - a scroll of identify
Books
 a - a book of Necromancy

   Spells                             Type                      Level
   a - Pain                           Necromancy                   1
   b - Animate Skeleton               Necromancy                   1
   c - Vampiric Draining              Necromancy                   3
   d - Regeneration                   Charms/Necromancy            3
   e - Animate Dead                   Necromancy                   4
   f - Control Undead                 Necromancy                   4
Comestibles
 b - 2 bread rations
 i - a slice of pizza
 k - a meat ration


   Skills:
 - Level 2.0 Dodging
 - Level 2.6 Stealth
 + Level 2.7 Unarmed Combat
 - Level 2.0 Spellcasting
 - Level 4.0 Necromancy


You had 4 spell levels left.
You knew the following spells:

 Your Spells              Type           Power        Failure   Level  Hunger
a - Pain                  Necr           ##..         4%          1    #......
b - Animate Skeleton      Necr           N/A          4%          1    #......


Dungeon Overview and Level Annotations

Branches:
Dungeon (2/15)

Altars:


Innate Abilities, Weirdness & Mutations

You cannot wear most types of armour.
You are very stealthy in the water. (Stealth+)
You are amphibious.
You can wear up to eight rings at the same time.
You can use your tentacles to constrict eight enemies at once.
Your skin changes colour to match your surroundings (Stealth+).
Your rubbery body absorbs attacks. (AC +1, EV +1)


Message History

The rat barely misses your kobold skeleton.
You continue memorising.
Your memorisation is interrupted.
* * * LOW HITPOINT WARNING * * *
You feel sick. The worm bites you but does no damage.
Your kobold skeleton hits the worm with a short sword.
The rat bites your kobold skeleton.
Unknown command.
The rat completely misses your kobold skeleton.
Your kobold skeleton hits the rat with a short sword.
The rat dies!
You see here a stone.
Casting: Pain
Confirm with . or Enter, or press ? or * to list all spells.
Aiming: Pain
Press: ? - help, Shift-Dir - straight line, f/p - worm
Aim: a worm (lightly wounded, chance to defeat MR: 77%)
The worm writhes in agony!
Your kobold skeleton hits the worm but does no damage.
You die...

######## . #......# ...
#####......############.†...
...............(...Z†...># #
..............@.w.†####.S.#
# ..##......####......#
..... #.##......# ####...#
.... ###.##......# ..#.#
.... ....##...%..# ##.#...
.... ............# #.#..##
.... ............# ..##.# .#
.... ............# ####.##.#
.... ......############
#.##.#


You could see a worm and a friendly kobold skeleton.

Vanquished Creatures
  An adder (D:2)
  2 giant cockroaches (D:1)
  4 hobgoblins
  A jackal (D:2)
  4 kobolds (D:2)
  2 bats (D:2)
  2 frilled lizards
  3 goblins (D:2)
  2 rats (D:2)
21 creatures vanquished.

Vanquished Creatures (collateral kills)
  A rat (D:2)
1 creature vanquished.

Grand Total: 22 creatures vanquished

Notes
Turn   | Place    | Note
-------+----------+-------------------------------------------
     0 | D:1      | M4edhros the Octopode Necromancer began the quest for the Orb.
     0 | D:1      | Reached XP level 1. HP: 11/11 MP: 3/3
    51 | D:1      | Reached skill level 1 in Unarmed Combat
   182 | D:1      | Reached XP level 2. HP: 9/17 MP: 3/5
   185 | D:1      | You fall through a shaft!
   263 | D:2      | Learned a level 1 spell: Animate Skeleton
   577 | D:2      | Reached XP level 3. HP: 3/21 MP: 3/6
   580 | D:2      | HP: 1/21 [poisoned by an adder]
   584 | D:2      | Succumbed to an adder's poison

Skill      XL: |  1  2 |
---------------+-------+-----
Unarmed Combat | 1 2 |  2.7
Dodging        | |  2.0
Stealth        | |  2.6
Spellcasting   | |  2.0
Necromancy     | |  4.0

Action                   || total
-------------------------++-------
Melee: Unarmed           ||    10
       Constrict         ||     3
Throw: Stone             ||    13
 Cast: Pain              ||    29
       Animate Skeleton  ||     6
  Use: Potion            ||     3
       Scroll            ||     1
Armor: Skin              ||     2
Dodge: Dodged            ||     7
